Workbook

Sheet INSTRUCCIONES
B1: INSTRUCCIONES
B3: IMPORTANTE: Recuerde que el(la) postulante es el(la) responsable del correcto ingreso de los montos en las celdas correspondientes y de la completitud del Formulario, las celdas de verificación y/o validación son solo de ayuda. No debe alterar el formato ni las fórmulas (desbloquear, mover celdas, insertar filas, eliminar columnas, etc.).
B4: COTIZACIONES
B5: 1.- Se debe completar la Hoja COTIZACIONES con los valores del Equipo, Plataforma y/o Accesorios, con o sin IVA, de acuerdo a la(s) cotización(es) presentada(s) en la postulación, siguiendo las instrucciones indicadas.- 2.- Se puede usar la sección COTIZACIÓN PRESENTADA PARA EQUIPO PRINCIPAL o COTIZACIÓN PRESENTADA PARA PLATAFORMA DE EQUIPOS, dependiendo de la configuración postulada.- 3.- En el caso de Equipos que presenten más de una cotización por cada uno, se deben sumar los valores individuales en la celda correspondiente.- 4.- En el caso de Plataformas, se debe ingresar cada valor en una celda distinta, los cuales se suman para el valor final de ésta.- 5.- Las Cotizaciones deben corresponder a la misma configuración del equipamiento postulado.- 6.- Usar los valores establecidos como tipo de cambio.-
B6: PRESUPUESTO
B7: 1.- Solo ingresar valores en las celdas correspondientes a los montos de cada Sub-ítem. Todos los montos deben ser ingresados completos y en Pesos Chilenos (por ejemplo: $1.000.000 en lugar de M$1.000).-
B8: 2.- Se debe ingresar, en primer lugar, en la Hoja I.- EQUIPAMIENTO el monto de A.1 Equipo Principal o Plataforma y/o A.2 Accesorio(s), si corresponde. La suma de estos montos no puede ser menor a $50.000.000 (cincuenta millones de pesos).-
B9: 3.- Ingresar el Aporte Pecuniario total de la(s) Institución(es) que conforma(n) la propuesta (Beneficiara y Asociada(s), si corresponde). Éste debe ser equivalente, al menos, al 10% del monto de A. Equipamiento y puede ser comprometido en los sub-ítems: A.1. Equipo Principal o Plataforma y/o A.2 Accesorio(s) y/o B.1. Traslados, Seguros de Traslado, Desaduanaje e IVA de Equipo y/o B.3. Instalación y Puesta en Marcha de Equipo y/o B.4. Mantención, Garantías y Seguros de Equipo y/o C.1. Capacitaciones.-
B10: 4.- El Aporte No Pecuniario total de la(s) Institución(es) que conforma(n) la propuesta debe ser, al menos, el equivalente al porcentaje no financiado por aportes pecuniarios necesarios para lograr, al menos, el 50% de cofinanciamiento del monto de A. Equipamiento y se debe considerar en B.- Traslados e Instalación y/o en C.- Operación.-
B11: 5.- En la Hoja DETALLE APORTES ingresar los aportes de las Instituciones Beneficiaria y Asociada(s), cuando corresponda, los cuales están vinculados con la Hoja I.- EQUIPAMIENTO y Hoja II.- TRASLADOS, INST. OPERACIÓN.- Si modifica los montos en forma manual de los ítems comprometidos en A.1 Equipo Principal o Plataforma y/o A.2 Accesorio(s) y/o B.1. Traslados, Seguros de Traslado, Desaduanaje e IVA de Equipo y/o B.3. Instalación y Puesta en Marcha de Equipo y/o B.4. Mantención, Garantías y Seguros de Equipo y/o C.1. Capacitaciones, verificar que éstos coincidan con los ingresados en la Hoja I.- EQUIPAMIENTO.-
B12: 6.- El Sub-ítem B.4.- Mantención, Garantías y Seguros debe contemplar financiamiento de forma obligatoria, ya sea, solicitado a FONDEQUIP o con Aportes Pecuniarios y/o No Pecuniarios de la(s) Institución(es).-
B13: 7.- El Monto total solicitado a FONDEQUIP no puede ser mayor a $400.000.000 (cuatrocientos millones de pesos).-
B14: 8.- En la Hoja DETALLE PRESUPUESTO se deben desglosar los montos y explicar brevemente cada Sub-ítem del Presupuesto correspondiente a los aportes FONDEQUIP, Pecuniarios y No Pecuniarios, lo cual debe ser consecuente con la propuesta.

Sheet COTIZACIONES
B1: ACTA DE COTIZACIONES | L1: OBSERVACIONES
B2: CONSIDERAR: | L2: 1.- Completar solamente las celdas en color CELESTE. 2.- Ingresar el monto del Equipo, Pataforma y Accesorio(s) indicado en la(s) cotización(es) respectiva(s), pudiendo considerar o no el IVA.- 3.- Puede utilizar la sección COTIZACIÓN PRESENTADA PARA EQUIPO PRINCIPAL o COTIZACIÓN PRESENTADA PARA PLATAFORMA DE EQUIPOS. 4.- La(s) cotización(es) señalada(s) para justificar el monto solicitado en A. Equipamiento, debe(n) ser la(s) misma(s) adjuntada(s) en la Plataforma de Postulación (Etapa FORMULACIÓN / Cotizaciones) y corresponder a la misma configuración del equipamiento postulado.
B3: 1. Indicar el Tipo de Cambio utilizado cuando se trate de "Otra Moneda". | G3: Tipo de cambio utilizado (Pesos $)
B4: 2. Seleccionar de la lista deplegable la moneda en la cual se expresan los montos en la Cotización. Se calculará automáticamente el monto equivalente en Pesos Chilenos ($). | G4: Dólar | H4: Euro | I4: Pesos | J4: Otra Moneda
G5: 1000 | H5: 1100 | I5: 1
B7: COTIZACIÓN PRESENTADA PARA EQUIPO PRINCIPAL | F7: N° de Cotización | G7: Monto Cotización | H7: Monto $ | I7: Total $ | J7: Nombre Proveedor
G8: Pesos
B9: A. EQUIPAMIENTO | D9: A.1. Equipo Principal | F9: 45319 | G9: 164139824 | H9: =IF($G$8>0,G9*HLOOKUP($G$8,$G$4:$J$5,2,0),0) -> 164139824 | I9: =+H9 -> 164139824 | J9: Comercializadora Doctor's Choice Spa
D10: A.2. Accesorio(s) | H10: =IF($G$8>0,G10*HLOOKUP($G$8,$G$4:$J$5,2,0),0) -> 0 | I10: =+H10 -> 0
B12: COTIZACIÓN PRESENTADA PARA PLATAFORMA DE EQUIPOS | F12: N° de Cotización | G12: Monto Cotización | H12: Monto $ | I12: Total $ | J12: Nombre Proveedor
G13: Pesos
B14: A. EQUIPAMIENTO | D14: A.1. Plataforma - Equipo 1 | H14: =IF($G$13>0,G14*HLOOKUP($G$13,$G$4:$J$5,2,0),0) -> 0 | I14: =+H14 -> 0
D15: A.1. Plataforma - Equipo 2 | H15: =IF($G$13>0,G15*HLOOKUP($G$13,$G$4:$J$5,2,0),0) -> 0 | I15: =+I14+H15 -> 0
D16: A.1. Plataforma - Equipo 3 | H16: =IF($G$13>0,G16*HLOOKUP($G$13,$G$4:$J$5,2,0),0) -> 0 | I16: =+I15+H16 -> 0
D17: A.1. Plataforma - Equipo 4 | H17: =IF($G$13>0,G17*HLOOKUP($G$13,$G$4:$J$5,2,0),0) -> 0 | I17: =+I16+H17 -> 0
D18: A.1. Plataforma - Equipo 5 | H18: =IF($G$13>0,G18*HLOOKUP($G$13,$G$4:$J$5,2,0),0) -> 0 | I18: =+I17+H18 -> 0
D19: A.1. Plataforma - Equipo 6 | H19: =IF($G$13>0,G19*HLOOKUP($G$13,$G$4:$J$5,2,0),0) -> 0 | I19: =+I18+H19 -> 0
D20: A.1. Plataforma - Equipo 7 | H20: =IF($G$13>0,G20*HLOOKUP($G$13,$G$4:$J$5,2,0),0) -> 0 | I20: =+I19+H20 -> 0
D21: A.1. Plataforma - Equipo 8 | H21: =IF($G$13>0,G21*HLOOKUP($G$13,$G$4:$J$5,2,0),0) -> 0 | I21: =+I20+H21 -> 0
D22: A.1. Plataforma - Equipo 9 | H22: =IF($G$13>0,G22*HLOOKUP($G$13,$G$4:$J$5,2,0),0) -> 0 | I22: =+I21+H22 -> 0
D23: A.1. Plataforma - Equipo 10 | H23: =IF($G$13>0,G23*HLOOKUP($G$13,$G$4:$J$5,2,0),0) -> 0 | I23: =+I22+H23 -> 0
D24: A.2. Accesorio(s) | H24: =IF($G$13>0,G24*HLOOKUP($G$13,$G$4:$J$5,2,0),0) -> 0 | I24: =+H24 -> 0
B26: JUSTIFICACIÓN DEL EQUIPAMIENTO POSTULADO
B27: Justifique la elección de la cotización respecto a otros proveedores y a tecnologías similares disponibles en el Mercado: La elección de la cotización del proveedor Doctor's Choice para la adquisición del dinamómetro isocinético HUMAC NORM se fundamenta en criterios técnicos, científicos, logísticos y estratégicos, que lo posicionan como la alternativa más adecuada frente a otros proveedores del mercado, como Cristián Camus LTDA, distribuidor de Biodex Systems, y ante otras tecnologías disponibles que no poseen proveedor en Chile (e.g., MyO Quality, Cybex, CSMi). - En primer lugar, la adquisición del HUMAC NORM permitirá a la Universidad Santo Tomás (sede Talca) contar con el primer dinamómetro isocinético de la Región del Maule, superando la brecha tecnológica existente a nivel institucional y regional. Actualmente, ningún programa de formación en el Maule dispone de este tipo de equipamiento, lo que ha obligado históricamente a investigadores a trasladarse a otras regiones, encareciendo los costos de operación e imposibilitando el desarrollo de investigación traslacional local. Desde un punto de vista técnico, a diferencia de otros dinamómetros (e.g., Biodex System 3 Pro, Easy Tech/GenuPLUS), el HUMAC NORM cuenta con modos operativos únicos (como el modo isotónico excéntrico a alta velocidad) y permite la sincronización directa con sistemas EMG, lo que lo hace altamente compatible con nuestras líneas de investigación institucionales. - El proveedor Doctor's Choice entrega ventajas logísticas y estratégicas concretas: ofrece una cotización en pesos chilenos válida hasta marzo de 2026, lo que protege a la institución y FONDEQUIP frente a fluctuaciones del dólar y riesgos arancelarios. Además, el costo del equipo incluye la gestión completa del traslado, internación y desaduanaje del equipo, sin costos adicionales, asegurando una adquisición segura, eficiente y libre de gastos imprevistos para la institución beneficiaria. - Desde el punto de vista científico, el HUMAC NORM cuenta con más de 1200 publicaciones indexadas, lo que garantiza su robustez metodológica, permite validar protocolos y facilitar la comparación con referentes nacionales e internacionales. A diferencia del equipo Biodex System 3 Pro, distribuido por Cristián Camus LTDA, y otros equipos (e.g., MyO Quality, Cybex) sin proveedor local, el HUMAC NORM posee una mayor versatilidad operativa, mejor adaptabilidad para poblaciones diversas (niños, personas mayores, atletas), posibilidad de exportar datos en formatos abiertos, y sincronización sin delay con otros dispositivos biomédicos. Además, HUMAC NOMR ya ha sido seleccionado por FONDEQUIP Mediano 2024 en la Universidad de La Frontera, permitiendo estudios de comparativos de poblaciones entre regionales.

Sheet I.- EQUIPAMIENTO
M6: =E9+E10 -> 164139824 | N6: =(E9+E10)*10% -> 16413982 | O6: =IF($M$6>$M$7,$M$6-N6-400000000,0) -> 0 | P6: =O6+N6 -> 16413982
C7: 1.- INGRESE MONTO DEL EQUIPAMIENTO Y/O ACCESORIO(S) | E7: Monto ($) | H7: VERIFICACION | M7: =+(M8*N7)/N8 -> 4.4444444e+08 | N7: 1 | P7: =+E9+E10-E16-E17 -> 164139824
M8: 400000000 | N8: 0.9 | P8: =IF($P$7>$M$8,$P$7-$M$8,0) -> 0
C9: La suma de ambos Sub-ítems: A.1. Equipo Principal o Plataforma + A.2. Accesorio(s), debe ser igual o mayor a $50.000.000 (cincuenta millones de pesos). | D9: A.1 Equipo Principal o Plataforma | E9: 164139824 | H9: =IF($M$6>=50000000,"Total de A. Equipamiento cumple con el Monto Mínimo.-","Monto Total de A. Equipamiento debe ser igual o mayor a $50.000.000.-") -> Total de A. Equipamiento cumple con el Monto Mínimo.- | K9: Ingrese el monto total del Equipo Principal o Plataforma y/o Accesorio(s). El cuadro de verificación debe estar en color VERDE, para continuar con el Aporte Pecuniario Institucional.-
D10: A.2 Accesorio(s) | E10: 0
C14: 2.- INGRESE APORTE PECUNIARIO INSTITUCIONAL | E14: Monto ($)
C16: La suma de los Aportes Pecuniarios comprometidos en A.1 Equipo Principal o Plataforma y/o A.2 Accesorio(s) y/o B.1. Traslados, Seguros de Traslado, Desaduanaje e IVA de Equipo y/o B.3. Instalación y Puesta en Marcha de Equipo y/o B.4. Mantención, Garantías y Seguros de Equipo y/o C.1. Capacitaciones, no puede ser menor al 10% del Monto Total de A.- Equipamiento (Equipo Principal o Plataforma + Accesorio(s)). FONDEQUIP financia hasta $400.000.000 (cuatrocientos millones de pesos), si existe diferencia por un mayor costo del equipamiento, ésta debe ser asumida por la(s) Institución(es). | D16: A.1 Equipo Principal o Plataforma | E16: 0 | H16: =IF($M$6=0," ",IF((SUM($E$16:$E$21)>=$P$6)*AND($E$22=0)*AND($E$23=0)*AND($M$6>=50000000),"Aporte Pecuniario Institucional cumple con el 10% de A. Equipamiento.-",IF(($M$6>$M$8)*OR($P$8>0),"¡¡¡ Importante !!! Considere que FONDEQUIP aporta un máximo de $400.000.000 por proyecto, por lo tanto, la diferencia que se produzca en A. EQUIPAMIENTO debe ser cubierta con Aporte Pecuniario Institucional.",IF($M$6>=50000000,"Debe Ingresar, al menos, el 10% del costo de A. Equipamiento en los sub-ítems correspondientes.-"," ")))) -> Aporte Pecuniario Institucional cumple con el 10% de A. Equipamiento.- | K16: Una vez ingresado el monto del Equipamiento, ingrese el Aporte Pecunairo Institucional, el cual no puede ser menor al 10% del monto de A. Equipamiento y puede ser comprometidos en los siguientes sub-ítems: A.1 Equipo Principal o Plataforma A.2 Accesorio(s) B.1. Traslados, Seguros de Traslado, Desaduanaje e IVA de Equipo B.3. Instalación y Puesta en Marcha de Equipo B.4. Mantención, Garantías y Seguros de Equipo C.1. Capacitaciones
D17: A.2 Accesorio(s) | E17: 0
D18: B.1. Traslados, Seguros de Traslado, Desaduanaje e IVA de Equipo | E18: 0
D19: B.3. Instalación y Puesta en Marcha de Equipo | E19: 4225000
D20: B.4. Mantención, Garantías y Seguros de Equipo | E20: 7688983
D21: C.1. Capacitaciones | E21: 4500000
D22: =IF($E$22>0,"Saldo para el 10% mínimo de Aporte Pecuniario"," ") | E22: =IF($E$23>0,0,IF(SUM($E$16:$E$21)<$N$6,($N$6-SUM($E$16:$E$21)),0)) -> 0
D23: =IF($E$23>0,"Saldo para A. EQUIPAMIENTO"," ") | E23: =IF($P$8>0,$P$8,0) -> 0
C25: =IF(E25>0,"APORTE SOLICITADO A FONDEQUIP PARA EQUIPAMIENTO","") -> APORTE SOLICITADO A FONDEQUIP PARA EQUIPAMIENTO | D25: =IF(E25>0,"Equipo Principal o Plataforma y/o Accesorio(s)","") -> Equipo Principal o Plataforma y/o Accesorio(s) | E25: =IF(AND(M6>=50000000,H16="Aporte Pecuniario Institucional cumple con el 10% de A. Equipamiento.-"),E9+E10-E16-E17,0) -> 164139824 | H25: =IF(OR(E25<=0,(E9+E10)<50000000)," ",IF($E$25>400000000,"El aporte solicitado supera el monto máximo a financiar FONDEQUIP, por lo tanto, debe complementar el Aporte Pecuniario en A. EQUIPAMIENTO.-",IF($H$16="Aporte Pecuniario Institucional cumple con el 10% de A. Equipamiento.-","Aporte Solicitado a FONDEQUIP OK"))) -> Aporte Solicitado a FONDEQUIP OK | K25: Cuando el Monto de aporte Solicitado a FONDEQUIP se encuentre aceptado, la celda de verificación debe estar en VERDE.
K30: =IF(H25="Aporte Solicitado a FONDEQUIP OK","Pase a la siguiente Hoja → II.- Traslados, Inst. Operación","") -> Pase a la siguiente Hoja → II.- Traslados, Inst. Operación

Sheet II TRASLADOS , INST. OPERACION
D2: 3. INGRESE LOS MONTOS SOLICITADOS A FONDEQUIP PARA EL SUB-ÍTEM B. TRASLADOS E INSTALACIÓN EN LAS CELDAS CORRESPONDIENTES. LOS APORTES INSTITUCIONALES ESTÁN VINCULADOS CON LA HOJA "I.- EQUIPAMIENTO" Y "DETALLE APORTES".-
E5: Montos Solicitados a FONDEQUIP | F5: Montos Aportados por la(s) Institución(es) | K5: CONSIDERACIONES
F6: Aporte Pecuniario | G6: Aporte No Pecuniario | K6: 1.- Si en A. Equipamiento solicitó a FONDEQUIP el máximo de recursos que puede aportar por proyecto por $400.000.000, no puede solicitar financiamiento para los Sub-ítems de B. Traslados e Instalación.
D7: A.1. Equipo Principal o Plataforma | E7: =+'I.- EQUIPAMIENTO'!E9-'I.- EQUIPAMIENTO'!E16 -> 164139824 | F7: =+'DETALLE APORTES'!E7 -> 0 | G7: NO APLICA
D8: A.2. Accesorio(s) | E8: =+'I.- EQUIPAMIENTO'!E10-'I.- EQUIPAMIENTO'!E17 -> 0 | F8: =+'DETALLE APORTES'!E8 -> 0
D9: B.1. Traslados, Seguros de Traslado, Desaduanaje e IVA de Equipo | E9: 31186567 | F9: =+'DETALLE APORTES'!E9 -> 0 | K9: 2.- El Sub-ítem Mantención, Garantías y Seguros debe contemplar financiamiento, ya sea por FONDEQUIP y/o por la(s) Institución(es) Beneficiaria y Asociada(s), si corresponde (Pecuniario y/o No Pecuniario).
D10: B.2. Adecuación Espacio para Equipo | E10: 7665560 | F10: =+'DETALLE APORTES'!E10 -> 0 | G10: =+'DETALLE APORTES'!F10 -> 0
D11: B.3. Instalación y Puesta en Marcha de Equipo | E11: 0 | F11: =+'DETALLE APORTES'!E11 -> 4225000 | G11: =+'DETALLE APORTES'!F11 -> 0 | K11: 3.- Se recomienda incorporar el equipo a la póliza de seguro institucional (Aporte No Pecuniario).
D12: B.4. Mantención, Garantías y Seguros de Equipo | E12: 8956563.6 | F12: =+'DETALLE APORTES'!E12 -> 7688983 | G12: =+'DETALLE APORTES'!F12 -> 0 | I12: =IF(E12+F12+G12=0,"Este Sub-Item debe contemplar Financiamiento","")
K13: 4.- El Aporte No Pecuniario debe ser, al menos, el equivalente al porcentaje no financiado por aportes pecuniarios, necesarios para cumplir con el mínimo del 50% de cofinanciamiento del monto total de A. Equipamiento.
D14: C.1. Capacitaciones | E14: NO APLICA | F14: =+'DETALLE APORTES'!E13 -> 4500000 | G14: =+'DETALLE APORTES'!F13 -> 0
D15: C.2. Otros Gastos de Operación | F15: =+'DETALLE APORTES'!E14 -> 0 | G15: =+'DETALLE APORTES'!F14 -> 66925528
D16: C.3. Gastos Administración | F16: =+'DETALLE APORTES'!E15 -> 0 | G16: =+'DETALLE APORTES'!F15 -> 5213719
D18: =IF(E23+F23+G23=0,"","VERIFICACION DE APORTES") -> VERIFICACION DE APORTES | E18: =IF(OR(E23=0,(E7+E8+F7+F8)<50000000)," ",IF(SUM(E9:E12)>((E7+E8)*0.5),"Total B. Traslados e Instalación no puede ser Mayor al 50% de A. Equipamiento.-",IF(SUM(E7:E12)<=400000000,"Aporte Solicitado a FONDEQUIP OK",IF(SUM(E7:E12)>400000000,"Monto solicitado a FONDEQUIP excede el Máximo a financiar por Proyecto","")))) -> Aporte Solicitado a FONDEQUIP OK | F18: =IF($E$29=0,"",IF(F7+F8+F9+F11+F12+F14>=$E$25*10%,"Aporte Pecuniario OK","Aporte Pecuniario debe ser equivalente a, al menos, el 10% de A. Equipamiento.-")) -> Aporte Pecuniario OK | G18: =IF($E$29=0," ",IF(SUM(G10+G11+G12+G14+G15+G16+F7+F8+F9+F10+F11+F12+F14+F15+F16)>=$E$25*50%,"Aporte No Pecuniario OK",IF(SUM(G10+G11+G12+G14+G15+G16+F7+F8+F9+F10+F11+F12+F14+F15+F16)<$E$25*50%,"Aporte No Pecuniario debe ser, al menos, el equivalente al porcentaje no financiado con Aporte Pecuniario para cumplir con el mínimo correspondiente al 50% de A. Equipamiento.-"))) -> Aporte No Pecuniario OK | P18: =IF(I12="Este Sub Item debe Contemplar Financiamiento",1,0) -> 0 | Q18: =IF(E18="Aporte Solicitado a CONICYT OK",1,0) -> 0 | R18: =IF(F18="Aporte Pecuniario Universidad OK",1,0) -> 0 | S18: =IF(G18="Aporte No Pecuniario OK",1,0) -> 1 | T18: =S18+R18+Q18+P18 -> 1
D20: Cuando los Montos de los aportes, tanto de FONDEQUIP como de la(s) Institución(es), cumplan con las reglas de financiamiento y co-financiamiento establecidas por bases, las celdas de VERIFICACIÓN DE APORTES estarán en VERDE. No deben existir alertas en ROJO.
D23: TOTALES | E23: =SUM(E7:E16) -> 2.1194851e+08 | F23: =SUM(F7:F16) -> 16413983 | G23: =SUM(G7:G16) -> 72139247
D25: TOTAL A. EQUIPAMIENTO | E25: ='I.- EQUIPAMIENTO'!E9+'I.- EQUIPAMIENTO'!E10 -> 164139824 | F25: =IF(AND(E25>0,E25<50000000),"El Monto Mínimo debe ser $50.000.000.-"," ")
D26: MÍNIMO APORTES = 50% DEL MONTO TOTAL DE A. EQUIPAMIENTO | E26: =E25*0.5 -> 82069912
D27: TOTAL PECUNIARIO + TOTAL NO PECUNIARIO | E27: =SUM(F23:G23) -> 88553230 | F27: =+E27-E26 -> 6483318
D29: APORTE FONDEQUIP A. EQUIPAMIENTO | E29: =+'I.- EQUIPAMIENTO'!E25 -> 164139824 | F29: =+E29*0.5 -> 82069912
D30: MÁXIMO A FINANCIAR B. TRASLADOS E INSTALACIÓN | E30: =+IF($F$29>$F$30,$F$30,$F$29) -> 82069912 | F30: =400000000-E29 -> 235860176
D31: TOTAL B. TRASLADOS E INSTALACIÓN | E31: =SUM($E$9:$E$12) -> 47808690 | F31: =+E31-E30 -> -34261222
D32: % DE A. EQUIPAMIENTO | E32: =+IF(E29>0,E31/E29,0) -> 0.29126807

Sheet DETALLE APORTES
B1: DETALLE APORTES INSTITUCIONALES
E5: Total APORTES al Proyecto | G5: Montos aportados por la INSTITUCIÓN BENEFICIARIA | I5: Montos aportados por la INSTITUCIÓN ASOCIADA 1 | K5: Montos aportados por la INSTITUCIÓN ASOCIADA 2 | M5: Montos aportados por la INSTITUCIÓN ASOCIADA 3 | O5: Montos aportados por la INSTITUCIÓN ASOCIADA 4 | Q5: Montos aportados por la INSTITUCIÓN ASOCIADA 5
A6: Ítem | B6: Conjunto Sub-Ítem | D6: Sub-Ítem | E6: Pecuniario | F6: No Pecuniario | G6: Pecuniario | H6: No Pecuniario | I6: Pecuniario | J6: No Pecuniario | K6: Pecuniario | L6: No Pecuniario | M6: Pecuniario | N6: No Pecuniario | O6: Pecuniario | P6: No Pecuniario | Q6: Pecuniario | R6: No Pecuniario
A7: EQUIPAMIENTO | B7: A | C7: EQUIPAMIENTO | D7: A.1. Equipo Principal o Plataforma | E7: =+G7+I7+K7+M7+O7+Q7 -> 0 | G7: =+'I.- EQUIPAMIENTO'!E16 -> 0 | I7: 0 | K7: 0 | M7: 0 | O7: 0 | Q7: 0
D8: A.2. Accesorio(s) | E8: =+G8+I8+K8+M8+O8+Q8 -> 0 | G8: =+'I.- EQUIPAMIENTO'!E17 -> 0 | I8: 0 | K8: 0 | M8: 0 | O8: 0 | Q8: 0
B9: B | C9: TRASLADOS e INSTALACION | D9: B.1. Traslados, Seguros de Traslado, Desaduanaje e IVA de Equipo | E9: =+G9+I9+K9+M9+O9+Q9 -> 0 | G9: =+'I.- EQUIPAMIENTO'!E18 -> 0 | I9: 0 | K9: 0 | M9: 0 | O9: 0 | Q9: 0
D10: B.2. Adecuación Espacio para Equipo | E10: =+G10+I10+K10+M10+O10+Q10 -> 0 | F10: =+H10+J10+L10+N10+P10+R10 -> 0 | G10: 0 | H10: 0 | I10: 0 | J10: 0 | K10: 0 | L10: 0 | M10: 0 | N10: 0 | O10: 0 | P10: 0 | Q10: 0 | R10: 0
D11: B.3. Instalación y Puesta en Marcha de Equipo | E11: =+G11+I11+K11+M11+O11+Q11 -> 4225000 | F11: =+H11+J11+L11+N11+P11+R11 -> 0 | G11: 4225000 | H11: 0 | I11: 0 | J11: 0 | K11: 0 | L11: 0 | M11: 0 | N11: 0 | O11: 0 | P11: 0 | Q11: 0 | R11: 0
D12: B.4. Mantención, Garantías y Seguros de Equipo | E12: =+G12+I12+K12+M12+O12+Q12 -> 7688983 | F12: =+H12+J12+L12+N12+P12+R12 -> 0 | G12: 7688983 | H12: 0 | I12: 0 | J12: 0 | K12: 0 | L12: 0 | M12: 0 | N12: 0 | O12: 0 | P12: 0 | Q12: 0 | R12: 0
A13: G. DE OPERACIÓN | B13: C | C13: OPERACIÓN | D13: C.1. Capacitaciones | E13: =+G13+I13+K13+M13+O13+Q13 -> 4500000 | F13: =+H13+J13+L13+N13+P13+R13 -> 0 | G13: 4500000 | H13: 0 | I13: 0 | J13: 0 | K13: 0 | L13: 0 | M13: 0 | N13: 0 | O13: 0 | P13: 0 | Q13: 0 | R13: 0
D14: C.2. Otros Gastos de Operación | E14: =+G14+I14+K14+M14+O14+Q14 -> 0 | F14: =+H14+J14+L14+N14+P14+R14 -> 66925528 | H14: 66925528 | I14: 0 | J14: 0 | K14: 0 | L14: 0 | M14: 0 | N14: 0 | O14: 0 | P14: 0 | Q14: 0 | R14: 0
D15: C.3. Gastos de Administración | E15: =+G15+I15+K15+M15+O15+Q15 -> 0 | F15: =+H15+J15+L15+N15+P15+R15 -> 5213719 | G15: 0 | H15: 5213719 | I15: 0 | J15: 0 | K15: 0 | L15: 0 | M15: 0 | N15: 0 | O15: 0 | P15: 0 | Q15: 0 | R15: 0
D16: TOTALES | E16: =SUM(E7:E15) -> 16413983 | F16: =SUM(F7:F15) -> 72139247 | G16: =SUM(G7:G15) -> 16413983 | H16: =SUM(H7:H15) -> 72139247 | I16: =SUM(I7:I15) -> 0 | J16: =SUM(J7:J15) -> 0 | K16: =SUM(K7:K15) -> 0 | L16: =SUM(L7:L15) -> 0 | ... R16: =SUM(R7:R15) -> 0

Sheet III.- PRESUPUESTO FINAL
B1: PRESUPUESTO FINAL
B5: Si existen celdas con alertas en ROJO, significa que su presupuesto no cumple con las reglas establecidas por Bases (Inadmisible).- | F5: Costo Total del Proyecto | G5: Montos solicitados a FONDEQUIP | H5: Montos aportados por la(s) INSTITUCIÓN(ES)
B6: Ítem | C6: Conjunto Sub-Ítem | E6: Sub-Ítem | H6: Pecuniario | I6: No Pecuniario
B7: EQUIPAMIENTO | C7: A | D7: EQUIPAMIENTO | E7: A.1. Equipo Principal o Plataforma | F7: =G7+H7 -> 164139824 | G7: =+'II TRASLADOS , INST. OPERACION'!E7 -> 164139824 | H7: =+'II TRASLADOS , INST. OPERACION'!F7 -> 0
E8: A.2. Accesorio(s) | F8: =G8+H8 -> 0 | G8: =+'II TRASLADOS , INST. OPERACION'!E8 -> 0 | H8: =+'II TRASLADOS , INST. OPERACION'!F8 -> 0
C9: B | D9: TRASLADOS e INSTALACIÓN | E9: B.1. Traslados, Seguros de Traslado, Desaduanaje e IVA de Equipo | F9: =G9+H9 -> 31186567 | G9: ='II TRASLADOS , INST. OPERACION'!E9 -> 31186567 | H9: =+'II TRASLADOS , INST. OPERACION'!F9 -> 0
E10: B.2. Adecuación Espacio para Equipo | F10: =G10+H10+I10 -> 7665560 | G10: ='II TRASLADOS , INST. OPERACION'!E10 -> 7665560 | H10: =+'II TRASLADOS , INST. OPERACION'!F10 -> 0 | I10: ='II TRASLADOS , INST. OPERACION'!G10 -> 0
E11: B.3. Instalación y Puesta en Marcha de Equipo | F11: =+G11+H11+I11 -> 4225000 | G11: ='II TRASLADOS , INST. OPERACION'!E11 -> 0 | H11: =+'II TRASLADOS , INST. OPERACION'!F11 -> 4225000 | I11: ='II TRASLADOS , INST. OPERACION'!G11 -> 0 | K11: =IF(G11="","No puede tener celdas vacías",IF(G12="","No puede tener celdas vacías",IF(H11="","No puede tener celdas vacías",IF(H12="","No puede tener celdas vacías",IF(I10="","No puede tener celdas vacías",IF(I11="","No puede tener celdas vacías",IF(I12="","No puede tener celdas vacías","")))))))
E12: B.4. Mantención, Garantías y Seguros de Equipo | F12: =IF(SUM(G12+H12+I12)=0,"Este Sub Item debe contemplar Financiamiento",SUM(G12:I12)) -> 16645547 | G12: ='II TRASLADOS , INST. OPERACION'!E12 -> 8956563.6 | H12: =+'II TRASLADOS , INST. OPERACION'!F12 -> 7688983 | I12: ='II TRASLADOS , INST. OPERACION'!G12 -> 0
B13: G. DE OPERACIÓN | C13: C | D13: OPERACIÓN | E13: C.1. Capacitaciones | F13: =H13+I13 -> 4500000 | H13: =+'II TRASLADOS , INST. OPERACION'!F14 -> 4500000 | I13: =+'II TRASLADOS , INST. OPERACION'!G14 -> 0 | K13: =IF(H13="","No puede tener celdas vacías",IF(H15="","No puede tener celdas vacías",IF(I13="","No puede tener celdas vacías",IF(I15="","No puede tener celdas vacías",""))))
E14: C.2. Otros Gastos de Operación | F14: =H14+I14 -> 66925528 | H14: =+'II TRASLADOS , INST. OPERACION'!F15 -> 0 | I14: =+'II TRASLADOS , INST. OPERACION'!G15 -> 66925528
E15: C.3. Gastos de Administración | F15: =+H15+I15 -> 5213719 | H15: =+'II TRASLADOS , INST. OPERACION'!F16 -> 0 | I15: =+'II TRASLADOS , INST. OPERACION'!G16 -> 5213719
B16: (NO COMPLETAR O MODIFICAR) | E16: TOTALES | F16: =IF(SUM(F7:F8)<50000000,"El Monto Mínimo del ítem Equipamiento debe ser $50.000.000.-",SUM(F7:F15)) -> 3.0050174e+08 | G16: =IF(SUM(G7:G15)>400000000,"Monto Solicitado a FONDEQUIP no puede ser mayor a $400.000.000 (máximo a financiar por Proyecto).-",IF(SUM(G9:G12)>(SUM(G7:G8)*0.5),"Total B. Traslados e Instalación no puede ser Mayor al 50% de A. Equipamiento.- ",SUM(G7:G15))) -> 2.1194851e+08 | H16: =IF(('II TRASLADOS , INST. OPERACION'!E29=0),"Aporte Pecuniario debe ser, al menos, el 10% de A. Equipamiento en los sub-ítems correspondientes.-",SUM(H7:H15)) -> 16413983 | I16: =IF(SUM(SUM(I10:I15)+SUM(H7:H15))<(F7+F8)*50%,"Aporte No Pecuniario debe ser, al menos, el equivalente al porcentaje no financiado con Aporte Pecuniario para cumplir con el mínimo correspondiente al 50% de A. Equipamiento.-",SUM(I7:I15)) -> 72139247

Sheet DETALLE PRESUPUESTO
C1: DETALLE PRESUPUESTO
C2: Sub-ítem | D2: Costo Total del Proyecto | E2: Desglose los montos y explique brevemente cada Sub-ítem del Presupuesto, debe referirse a los aportes FONDEQUIP, Pecuniarios y No Pecuniarios.
B3: EQUIPAMIENTO | C3: =+'III.- PRESUPUESTO FINAL'!E9 -> B.1. Traslados, Seguros de Traslado, Desaduanaje e IVA de Equipo | D3: =+'III.- PRESUPUESTO FINAL'!F9 -> 31186567 | E3: Detalle Aportes FONDEQUIP: Traslado de HUMAC NORM desde USA a Talca (Chile) y desaduanaje: estos ítem son incluidos en el costo del instalación y puesta en marcha descritos en la cotización Nº 45313 del proveedor Doctor's Choice. Desaduanaje e IVA de Equipo ($31.186.566,56): detallado en la cotización Nº 45319 del equipo. | F3: Detalle Aportes Pecuniarios: | G3: Detalle Aportes No Pecuniarios:
C4: =+'III.- PRESUPUESTO FINAL'!E10 -> B.2. Adecuación Espacio para Equipo | D4: =+'III.- PRESUPUESTO FINAL'!F10 -> 7665560 | E4: Detalle Aportes FONDEQUIP: Adecuación instalación eléctrica ($2.765.560): específicamente, se necesita: Alcances de la instalación eléctrica: 1 enchufe hembra monofásico para conexión de impresora de 10A, 1 enchufe hembra monofásico dedicado de 32A para HUMAC NORM. Protecciones del circuito: 1 interruptor automático 2x32A curva C, 1 interruptor diferencial 2x40A 30 mA. Alimentación del circuito: 30 m de cable libre de halógeno 3x6 mm2, canalización del circuito 30m de tubo EMT de 25 mm. Todo esto para que HUMAC NORM sea adecuadamente instalado y opere de manera segura desde un punto de vista eléctrico en el Laboratorio de Investigación Somatosensorial y Motora UST (Talca). Ver en Anexos cotización Nº 45312. Modificación puerta de acceso al laboratorio ($2.600.000): las dimensiones de HUMAC NORM (ancho 117 cm) exceden las dimensiones de la puerta de accceso (80 cm) del Laboratorio de Investigación Somatosensorial y Motora de la Universidad Santo Tomás (Talca). Por esto, es necesario ampliar el vano ($2.000.000) y comprar una nueva puerta de dos hojas de acceso con los accesorios necesarios de seguridad ($600.000). Dos gabinetes para guardar accesorios de HUMAC NORM ($2.000.000): el equipo necesita guardar 9 accesorios de tamaño pequeño (codo, muñeca, rodilla, tobillo), mediano (hombro, cadera, sistema Johnson anti-cizalla) a grande (modulo columna TMC) de HUMAC NORM. Carro móvil biomédico ($300.000): para instalar otros dispositivos biomédicos (ejemplo: EMG) sincronizados con HUMAC NORM. Este carro es relevante porque posee materiales que no generan ruido y artefactos en las señales de HUMAC NORM y señales de dispositivos cercanos. | F4: Detalle Aportes Pecuniarios: | G4: Detalle Aportes No Pecuniarios:
C5: =+'III.- PRESUPUESTO FINAL'!E11 -> B.3. Instalación y Puesta en Marcha de Equipo | D5: =+'III.- PRESUPUESTO FINAL'!F11 -> 4225000 | E5: Detalle Aportes FONDEQUIP: | F5: Detalle Aportes Pecuniarios: Traslado e Instalación del equipo ($2.975.000): el proveedor del equipo s eencargará del traslado desde EE.UU a Talca (Chile). También, considera un costo de instalación para dejar operativo y funcionando el equipamiento. Ver en Anexos cotización Nº 45313. Insumos puesta en marcha ($500.000): tales como papel, tinta de impresora, pesos estandarizados para calibración de dinamómetro, entre otros, para la puesta en marcha del equipo. Gastos incurridos en el proceso de compra del equipo ($600.000): También se considerará en este item cualquier otro costo asociado al proceso de compra. Placa ($150.000): para el Laboratorio de Investigación Somatosensorial y Motora donde se indique código del proyecto y que el equipo tuvo financiamiento de FONDEQUIP Mediano 2025. | G5: Detalle Aportes No Pecuniarios:
C6: =+'III.- PRESUPUESTO FINAL'!E12 -> B.4. Mantención, Garantías y Seguros de Equipo | D6: =+'III.- PRESUPUESTO FINAL'!F12 -> 16645547 | E6: Detalle Aportes FONDEQUIP: Contrato de Mantención ($8.956.563,56): Por un periodo de 4 años a partir de la fecha de compra de HUMAC NORM, se establecerá un contrato con el proveedor y servicio técnico autorizado Doctor's Choice. Ver en Anexos cotización Nº GC45218). | F6: Detalle Aportes Pecuniarios: Poliza de Seguro ($7.688.983): contrato de una poliza de seguro institucional que incluya a HUMAC NORM como activo permanente de UST. | G6: Detalle Aportes No Pecuniarios:
B8: GASTOS DE OPERACIÓN | C8: =+'III.- PRESUPUESTO FINAL'!E13 -> C.1. Capacitaciones | D8: =+'III.- PRESUPUESTO FINAL'!F13 -> 4500000 | E8: Detalle Aportes FONDEQUIP: | F8: Capacitación por investigador experimentado en uso de HUMAC NORM ($4.500.000): Esto incluirá vuelo internacional Birmingham-Santiago de Chile-Birmingham y Santiago de Chile-Talca-Santiago de Chile para el profesor PhD Eduardo Martinez-Valdés, alojamiento, viático por 7 días, y honorarios. El investigador de la Universidad Birmingham (Reino Unido) posee basta experiencia en el uso e investigación con HUMAC NORM para la evaluación de fuerza y torque isocinético y en la sincronización de amplificadores de señales bioelétricas (EMG) con dinamómentros isocinéticos para responder preguntas de investigación relacionadas con modelos complejos neuromecánicos. | G8: Detalle Aportes No Pecuniarios:
C9: =+'III.- PRESUPUESTO FINAL'!E14 -> C.2. Otros Gastos de Operación | D9: =+'III.- PRESUPUESTO FINAL'!F14 -> 66925528 | E9: Detalle Aportes FONDEQUIP: | F9: Detalle Aportes Pecuniarios: | G9: Detalle Aportes No Pecuniarios: para el caso de personal e infraestructura, estos aportes son calculados en UF de $39.500 y fórmula de valorización de aportes institucionales UST desde el inicio de la puesta marcha: Laboratorio de Investigación Somatosensorial y Motora ($6.022.588): (0,3 * UF * 45 m2 * 24 meses) * (20 h semanales comprometidas laboratorio /42,5 h jornada completa). Laboratorio donde se instalará el HUMAC NORM. Horas Coordinador Responsable ($39.529.411): ($3.500.000/42,5 h) * 24 meses * 20 h semanales comprometidas Horas Técnico de Laboratorio ($12.423.529): ($1.100.000/42,5 h) * 24 meses * 20 h semanales comprometidas Profesional será responsable de la gestión de reservas, asistencia técnica, capacitación de usuarios, supervisión del uso del equipo, entre otros. Amplificador de señales bioelétricas (EMG) Quatrocentto ($6.250.000): ($25.000.000 costo del equipo/96 meses vida útil según tabla de valorización Servicio Impuestos Internos) * 24 meses uso en el proyecto. Se valoriza este equipo de la institución beneficiaria ya que se sincroniza con HUMAC NORM para desarrollar las lineas de investigación declaradas. Insumos, fungibles y servicios básicos para operación y uso comprimetido ($1.600.000): incluye consumo eléctrico ($600.000), agua potable ($350.000), papel ($150.000) y tinta ($500.000). Seminario de inauguración y difusión ($1.100.000): El seminario considera costos de coffee break para 70 asistentes ($500.000), apoyo logístico y técnico ($300.000) y materiales de difusión (pendones, programas, afiches) ($300.000).
C10: =+'III.- PRESUPUESTO FINAL'!E15 -> C.3. Gastos de Administración | D10: =+'III.- PRESUPUESTO FINAL'!F15 -> 5213719 | E10: Detalle Aportes FONDEQUIP: | F10: Detalle Aportes Pecuniarios: | G10: Detalle Aportes No Pecuniarios: Horas Profesional Administrativo: encargado de adquisiciones ($1.893.867): ($1.676.862/42,5 h) * 24 meses * 2 h semanales comprometidas Profesional administrativo que asistirá en el proceso de compra del equipamiento al proveedor y cualquier otro proceso de compra asociado al proyecto. Colaborará directamente con el Coordinador Responsable. Horas Profesional Administrativo: contador ($3.319.852): ($1.959.635/42,5 h) * 24 meses * 3 h semanales comprometidas Profesional administrativo que asistirá en la documentación financiaera y contabilidad que se declarará y rendirá a FONDEQUIP Mediano 2025. Colaborará directamente con el Coordinador Responsable.

Sheet PRESUPUESTO MODIFICADO
B2: PRESUPUESTO MODIFICADO
B6: USO INTERNO DEIA | E6: Costo Total del Proyecto | H6: Montos Adjudicados FONDEQUIP | K6: Montos aportados por la(s) INSTITUCIÓN(ES)
B7: Conjunto Sub-Ítem | D7: Sub-Ítem | E7: Presupuesto Aprobado | F7: Modificación Solicitada (Fecha: ) | G7: Presupuesto Modificado | H7: Presupuesto Aprobado | I7: =+$F$7 -> Modificación Solicitada (Fecha: ) | J7: Presupuesto Modificado | K7: Pecuniario Comprometido | L7: =+$F$7 -> Modificación Solicitada (Fecha: ) | M7: Pecuniario Modificado | N7: No Pecuniario Comprometido | O7: =+$F$7 -> Modificación Solicitada (Fecha: ) | P7: No Pecuniario Modificado
B8: A | C8: EQUIPAMIENTO | D8: A.1. Equipo Principal o Plataforma | E8: =+H8+K8+N8 -> 164139824 | F8: =+I8+L8+O8 -> 0 | G8: =SUM(E8:F8) -> 164139824 | H8: =+'III.- PRESUPUESTO FINAL'!G7 -> 164139824 | J8: =SUM(H8:I8) -> 164139824 | K8: =+'III.- PRESUPUESTO FINAL'!H7 -> 0 | M8: =SUM(K8:L8) -> 0
D9: A.2. Accesorio(s) | E9: =+H9+K9+N9 -> 0 | F9: =+I9+L9+O9 -> 0 | G9: =SUM(E9:F9) -> 0 | H9: =+'III.- PRESUPUESTO FINAL'!G8 -> 0 | J9: =SUM(H9:I9) -> 0 | K9: =+'III.- PRESUPUESTO FINAL'!H8 -> 0 | M9: =SUM(K9:L9) -> 0
B10: B | C10: TRASLADOS e INSTALACION | D10: B.1. Traslados, Seguros de Traslado, Desaduanaje e IVA de Equipo | E10: =+H10+K10+N10 -> 31186567 | F10: =+I10+L10+O10 -> 0 | G10: =SUM(E10:F10) -> 31186567 | H10: =+'III.- PRESUPUESTO FINAL'!G9 -> 31186567 | J10: =SUM(H10:I10) -> 31186567 | K10: =+'III.- PRESUPUESTO FINAL'!H9 -> 0 | M10: =SUM(K10:L10) -> 0
D11: B.2. Adecuación Espacio para Equipo | E11: =+H11+K11+N11 -> 7665560 | F11: =+I11+L11+O11 -> 0 | G11: =SUM(E11:F11) -> 7665560 | H11: =+'III.- PRESUPUESTO FINAL'!G10 -> 7665560 | J11: =SUM(H11:I11) -> 7665560 | K11: =+'III.- PRESUPUESTO FINAL'!H10 -> 0 | M11: =SUM(K11:L11) -> 0 | N11: =+'III.- PRESUPUESTO FINAL'!I10 -> 0 | P11: =SUM(N11:O11) -> 0
D12: B.3. Instalación y Puesta en Marcha de Equipo | E12: =+H12+K12+N12 -> 4225000 | F12: =+I12+L12+O12 -> 0 | G12: =SUM(E12:F12) -> 4225000 | H12: =+'III.- PRESUPUESTO FINAL'!G11 -> 0 | J12: =SUM(H12:I12) -> 0 | K12: =+'III.- PRESUPUESTO FINAL'!H11 -> 4225000 | M12: =SUM(K12:L12) -> 4225000 | N12: =+'III.- PRESUPUESTO FINAL'!I11 -> 0 | P12: =SUM(N12:O12) -> 0 | R12: =IF(H12="","No puede tener celdas vacías",IF(H13="","No puede tener celdas vacías",IF(K12="","No puede tener celdas vacías",IF(K13="","No puede tener celdas vacías",IF(P11="","No puede tener celdas vacías",IF(P12="","No puede tener celdas vacías",IF(P13="","No puede tener celdas vacías","")))))))
D13: B.4. Mantención, Garantías y Seguros de Equipo | E13: =+H13+K13+N13 -> 16645547 | F13: =+I13+L13+O13 -> 0 | G13: =IF(SUM(E13:F13)=0,"Este Sub-ítem debe tener Presupuesto",SUM(E13:F13)) -> 16645547 | H13: =+'III.- PRESUPUESTO FINAL'!G12 -> 8956563.6 | J13: =SUM(H13:I13) -> 8956563.6 | K13: =+'III.- PRESUPUESTO FINAL'!H12 -> 7688983 | M13: =SUM(K13:L13) -> 7688983 | N13: =+'III.- PRESUPUESTO FINAL'!I12 -> 0 | P13: =SUM(N13:O13) -> 0
B14: C | C14: OPERACIÓN | D14: C.1. Capacitaciones | E14: =+H14+K14+N14 -> 4500000 | F14: =+I14+L14+O14 -> 0 | G14: =SUM(E14:F14) -> 4500000 | K14: =+'III.- PRESUPUESTO FINAL'!H13 -> 4500000 | M14: =SUM(K14:L14) -> 4500000 | N14: =+'III.- PRESUPUESTO FINAL'!I13 -> 0 | P14: =SUM(N14:O14) -> 0 | R14: =IF(K14="","No puede tener celdas vacías",IF(K16="","No puede tener celdas vacías",IF(P14="","No puede tener celdas vacías",IF(P16="","No puede tener celdas vacías",""))))
D15: C.2. Otros Gastos de Operación | E15: =+H15+K15+N15 -> 66925528 | F15: =+I15+L15+O15 -> 0 | G15: =SUM(E15:F15) -> 66925528 | K15: =+'III.- PRESUPUESTO FINAL'!H14 -> 0 | M15: =SUM(K15:L15) -> 0 | N15: =+'III.- PRESUPUESTO FINAL'!I14 -> 66925528 | P15: =SUM(N15:O15) -> 66925528
D16: C.3. Gastos de Administración | E16: =+H16+K16+N16 -> 5213719 | F16: =+I16+L16+O16 -> 0 | G16: =SUM(E16:F16) -> 5213719 | K16: =+'III.- PRESUPUESTO FINAL'!H15 -> 0 | M16: =SUM(K16:L16) -> 0 | N16: =+'III.- PRESUPUESTO FINAL'!I15 -> 5213719 | P16: =SUM(N16:O16) -> 5213719
D17: TOTALES | E17: =SUM(E8:E16) -> 3.0050174e+08 | F17: =SUM(F8:F16) -> 0 | G17: =SUM(G8:G16) -> 3.0050174e+08 | H17: =SUM(H8:H16) -> 2.1194851e+08 | I17: =SUM(I8:I16) -> 0 | J17: =SUM(J8:J16) -> 2.1194851e+08 | K17: =SUM(K8:K16) -> 16413983 | L17: =SUM(L8:L16) -> 0 | ... P17: =SUM(P8:P16) -> 72139247
J20: =UPPER(J7) -> PRESUPUESTO MODIFICADO
H21: TOTAL A. EQUIPAMIENTO | J21: =SUM($J$8:$J$9) -> 164139824
H22: TOTAL B. TRASLADOS E INSTALACIÓN | J22: =SUM($J$10:$J$13) -> 47808690
H23: % DE A. EQUIPAMIENTO | J23: =+IF(J21>0,J22/J21,0) -> 0.29126807
H26: TOTAL A. EQUIPAMIENTO | J26: =SUM($G$8:$G$9) -> 164139824
H27: APORTE PECUNIARIO (10%) | J27: =SUM($M$8:$M$10)+SUM($M$12:$M$14) -> 16413983 | K27: =+IF($J$26>0,J27/$J$26,0) -> 0.1 | L27: =IF(K27<10%,"El Mínimo debe ser 10%","OK") -> OK
H28: TOTAL APORTES PECUNIARIOS | J28: =+M17 -> 16413983 | K28: =+IF($J$26>0,J28/$J$26,0) -> 0.1
H29: TOTAL APORTES NO PECUNIARIOS | J29: =+P17 -> 72139247 | K29: =+IF($J$26>0,J29/$J$26,0) -> 0.43949875
H30: TOTAL APORTES | J30: =SUM(J28:J29) -> 88553230 | K30: =+IF($J$26>0,J30/$J$26,0) -> 0.53949875 | L30: =IF(K30<50%,"El Mínimo debe ser 50%","OK") -> OK

Sheet SALDOS 
B2: PRESUPUESTO FINAL V/S MONTOS RENDIDOS
B6: USO INTERNO DEIA | E6: Costo Total del Proyecto | H6: Montos Ajudicados FONDEQUIP | K6: Montos aportados por la(s) INSTITUCIÓN(ES)
B7: Conjunto Sub-Ítem | D7: Sub-Ítem | E7: Presupuesto Modificado | F7: Rendición de Cuentas | G7: Saldo por Rendir | H7: Presupuesto Modificado | I7: Rendición de Cuentas | J7: Saldo por Rendir | K7: Pecuniario Modificado | L7: Rendición de Cuentas | M7: Saldo por Rendir | N7: No Pecuniario Modificado | O7: Rendición de Cuentas | P7: Saldo por Rendir
B8: A | C8: EQUIPAMIENTO | D8: A.1. Equipo Principal o Plataforma | E8: =+H8+K8+N8 -> 164139824 | F8: =+I8+L8+O8 -> 0 | G8: =+J8+M8+P8 -> 164139824 | H8: =+'PRESUPUESTO MODIFICADO'!J8 -> 164139824 | I8: =SUMIF('USO INT. DESGLOSE FACTURAS'!$A$4:$A$10,'SALDOS '!$D8,'USO INT. DESGLOSE FACTURAS'!$S$4:$S$10) -> 0 | J8: =+H8-I8 -> 164139824 | K8: =+'PRESUPUESTO MODIFICADO'!M8 -> 0 | L8: =SUMIF('USO INT. DESGLOSE FACTURAS'!$A$4:$A$10,'SALDOS '!$D8,'USO INT. DESGLOSE FACTURAS'!$T$4:$T$10) -> 0 | M8: =+K8-L8 -> 0
D9: A.2. Accesorio(s) | E9: =+H9+K9+N9 -> 0 | F9: =+I9+L9+O9 -> 0 | G9: =+J9+M9+P9 -> 0 | H9: =+'PRESUPUESTO MODIFICADO'!J9 -> 0 | I9: =SUMIF('USO INT. DESGLOSE FACTURAS'!$A$4:$A$10,'SALDOS '!$D9,'USO INT. DESGLOSE FACTURAS'!$S$4:$S$10) -> 0 | J9: =+H9-I9 -> 0 | K9: =+'PRESUPUESTO MODIFICADO'!M9 -> 0 | L9: =SUMIF('USO INT. DESGLOSE FACTURAS'!$A$4:$A$10,'SALDOS '!$D9,'USO INT. DESGLOSE FACTURAS'!$T$4:$T$10) -> 0 | M9: =+K9-L9 -> 0
B10: B | C10: TRASLADOS e INSTALACION | D10: B.1. Traslados, Seguros de Traslado, Desaduanaje e IVA de Equipo | E10: =+H10+K10+N10 -> 31186567 | F10: =+I10+L10+O10 -> 0 | G10: =+J10+M10+P10 -> 31186567 | H10: =+'PRESUPUESTO MODIFICADO'!J10 -> 31186567 | I10: =SUMIF('USO INT. DESGLOSE FACTURAS'!$A$4:$A$10,'SALDOS '!$D10,'USO INT. DESGLOSE FACTURAS'!$S$4:$S$10) -> 0 | J10: =+H10-I10 -> 31186567 | K10: =+'PRESUPUESTO MODIFICADO'!M10 -> 0 | L10: =SUMIF('USO INT. DESGLOSE FACTURAS'!$A$4:$A$10,'SALDOS '!$D10,'USO INT. DESGLOSE FACTURAS'!$T$4:$T$10) -> 0 | M10: =+K10-L10 -> 0
D11: B.2. Adecuación Espacio para Equipo | E11: =+H11+K11+N11 -> 7665560 | F11: =+I11+L11+O11 -> 0 | G11: =+J11+M11+P11 -> 7665560 | H11: =+'PRESUPUESTO MODIFICADO'!J11 -> 7665560 | I11: =SUMIF('USO INT. DESGLOSE FACTURAS'!$A$4:$A$10,'SALDOS '!$D11,'USO INT. DESGLOSE FACTURAS'!$S$4:$S$10) -> 0 | J11: =+H11-I11 -> 7665560 | K11: =+'PRESUPUESTO MODIFICADO'!M11 -> 0 | L11: =SUMIF('USO INT. DESGLOSE FACTURAS'!$A$4:$A$10,'SALDOS '!$D11,'USO INT. DESGLOSE FACTURAS'!$T$4:$T$10) -> 0 | M11: =+K11-L11 -> 0 | N11: =+'PRESUPUESTO MODIFICADO'!P11 -> 0 | P11: =+N11-O11 -> 0
D12: B.3. Instalación y Puesta en Marcha de Equipo | E12: =+H12+K12+N12 -> 4225000 | F12: =+I12+L12+O12 -> 0 | G12: =+J12+M12+P12 -> 4225000 | H12: =+'PRESUPUESTO MODIFICADO'!J12 -> 0 | I12: =SUMIF('USO INT. DESGLOSE FACTURAS'!$A$4:$A$10,'SALDOS '!$D12,'USO INT. DESGLOSE FACTURAS'!$S$4:$S$10) -> 0 | J12: =+H12-I12 -> 0 | K12: =+'PRESUPUESTO MODIFICADO'!M12 -> 4225000 | L12: =SUMIF('USO INT. DESGLOSE FACTURAS'!$A$4:$A$10,'SALDOS '!$D12,'USO INT. DESGLOSE FACTURAS'!$T$4:$T$10) -> 0 | M12: =+K12-L12 -> 4225000 | N12: =+'PRESUPUESTO MODIFICADO'!P12 -> 0 | P12: =+N12-O12 -> 0 | R12: =IF(H12="","No puede tener celdas vacías",IF(H13="","No puede tener celdas vacías",IF(K12="","No puede tener celdas vacías",IF(K13="","No puede tener celdas vacías",IF(P11="","No puede tener celdas vacías",IF(P12="","No puede tener celdas vacías",IF(P13="","No puede tener celdas vacías","")))))))
D13: B.4. Mantención, Garantías y Seguros de Equipo | E13: =+H13+K13+N13 -> 16645547 | F13: =IF(SUM(I13+L13+O13)=0,"Este Sub-ítem debe tener Presupuesto",SUM(I13+L13+O13)) -> Este Sub-ítem debe tener Presupuesto | G13: =+J13+M13+P13 -> 16645547 | H13: =+'PRESUPUESTO MODIFICADO'!J13 -> 8956563.6 | I13: =SUMIF('USO INT. DESGLOSE FACTURAS'!$A$4:$A$10,'SALDOS '!$D13,'USO INT. DESGLOSE FACTURAS'!$S$4:$S$10) -> 0 | J13: =+H13-I13 -> 8956563.6 | K13: =+'PRESUPUESTO MODIFICADO'!M13 -> 7688983 | L13: =SUMIF('USO INT. DESGLOSE FACTURAS'!$A$4:$A$10,'SALDOS '!$D13,'USO INT. DESGLOSE FACTURAS'!$T$4:$T$10) -> 0 | M13: =+K13-L13 -> 7688983 | N13: =+'PRESUPUESTO MODIFICADO'!P13 -> 0 | P13: =+N13-O13 -> 0
B14: C | C14: OPERACIÓN | D14: C.1. Capacitaciones | E14: =+H14+K14+N14 -> 4500000 | F14: =+I14+L14+O14 -> 0 | G14: =+J14+M14+P14 -> 4500000 | K14: =+'PRESUPUESTO MODIFICADO'!M14 -> 4500000 | L14: =SUMIF('USO INT. DESGLOSE FACTURAS'!$A$4:$A$10,'SALDOS '!$D14,'USO INT. DESGLOSE FACTURAS'!$T$4:$T$10) -> 0 | M14: =+K14-L14 -> 4500000 | N14: =+'PRESUPUESTO MODIFICADO'!P14 -> 0 | P14: =+N14-O14 -> 0 | R14: =IF(K14="","No puede tener celdas vacías",IF(K16="","No puede tener celdas vacías",IF(P14="","No puede tener celdas vacías",IF(P16="","No puede tener celdas vacías",""))))
D15: C.2. Otros Gastos de Operación | E15: =+H15+K15+N15 -> 66925528 | F15: =+I15+L15+O15 -> 0 | G15: =+J15+M15+P15 -> 66925528 | K15: =+'PRESUPUESTO MODIFICADO'!M15 -> 0 | L15: =SUMIF('USO INT. DESGLOSE FACTURAS'!$A$4:$A$10,'SALDOS '!$D15,'USO INT. DESGLOSE FACTURAS'!$T$4:$T$10) -> 0 | M15: =+K15-L15 -> 0 | N15: =+'PRESUPUESTO MODIFICADO'!P15 -> 66925528 | P15: =+N15-O15 -> 66925528
D16: C.3. Gastos de Administración | E16: =+H16+K16+N16 -> 5213719 | F16: =+I16+L16+O16 -> 0 | G16: =+J16+M16+P16 -> 5213719 | K16: =+'PRESUPUESTO MODIFICADO'!M16 -> 0 | L16: =SUMIF('USO INT. DESGLOSE FACTURAS'!$A$4:$A$10,'SALDOS '!$D16,'USO INT. DESGLOSE FACTURAS'!$T$4:$T$10) -> 0 | M16: =+K16-L16 -> 0 | N16: =+'PRESUPUESTO MODIFICADO'!P16 -> 5213719 | P16: =+N16-O16 -> 5213719
D17: TOTALES | E17: =SUM(E8:E16) -> 3.0050174e+08 | F17: =SUM(F8:F16) -> 0 | G17: =SUM(G8:G16) -> 3.0050174e+08 | H17: =SUM(H8:H16) -> 2.1194851e+08 | I17: =SUM(I8:I16) -> 0 | J17: =SUM(J8:J16) -> 2.1194851e+08 | K17: =SUM(K8:K16) -> 16413983 | L17: =SUM(L8:L16) -> 0 | ... P17: =SUM(P8:P16) -> 72139247
I19: RENDIDO
G20: TOTAL A. EQUIPAMIENTO | I20: =SUM($I$8:$I$9) -> 0
G21: TOTAL B. TRASLADOS E INSTALACIÓN | I21: =SUM($I$10:$I$13) -> 0
G22: % DE A. EQUIPAMIENTO | I22: =+IF(I20>0,I21/I20,0) -> 0
G25: TOTAL A. EQUIPAMIENTO | I25: =SUM($F$8:$F$9) -> 0
G26: APORTE PECUNIARIO 10% | I26: =SUM($L$8:$L$10)+SUM($L$12:$L$14) -> 0 | J26: =+IF($I$25>0,I26/$I$25,0) -> 0 | K26: =IF(J26<10%,"El Mínimo debe ser 10%","OK") -> El Mínimo debe ser 10%
G27: TOTAL APORTES PECUNIARIOS | I27: =+$L$17 -> 0 | J27: =+IF($I$25>0,I27/$I$25,0) -> 0
G28: TOTAL APORTES NO PECUNIARIOS | I28: =+$O$17 -> 0 | J28: =+IF($I$25>0,I28/$I$25,0) -> 0
G29: TOTAL APORTES | I29: =SUM(I27:I28) -> 0 | J29: =+IF($I$25>0,I29/$I$25,0) -> 0 | K29: =IF(J29<50%,"El Mínimo debe ser 50%","OK") -> El Mínimo debe ser 50%

Sheet USO INT. DESGLOSE FACTURAS
C1: COTIZACIÓN POSTULACIÓN | F1: COTIZACIÓN ACTUALIZADA | I1: FACTURA N° | N1: FACTURA N°
C2: Tipo de Cambio | F2: Tipo de Cambio | I2: Tipo de Cambio | K2: RENDICIÓN DE CUENTAS | N2: Tipo de Cambio | P2: RENDICIÓN DE CUENTAS | S2: RENDICIÓN DE CUENTAS
B3: DETALLE | C3: USD | D3: PESOS | F3: USD | G3: PESOS | I3: USD | J3: PESOS | K3: FONDEQUIP | L3: PECUNIARIO | N3: USD | O3: PESOS | P3: FONDEQUIP | Q3: PECUNIARIO | S3: FONDEQUIP | T3: PECUNIARIO | U3: TOTAL
A4: A.1. Equipo Principal o Plataforma | D4: =+C4*$D$2 -> 0 | G4: =+F4*$G$2 -> 0 | J4: =+I4*$J$2 -> 0 | O4: =+N4*$J$2 -> 0 | S4: =SUMIF($I$3:$Q$3,S$3,$I4:$Q4) -> 0 | T4: =SUMIF($I$3:$Q$3,T$3,$I4:$Q4) -> 0 | U4: =SUM(S4:T4) -> 0
A5: A.2. Accesorio(s) | D5: =+C5*$D$2 -> 0 | G5: =+F5*$G$2 -> 0 | J5: =+I5*$J$2 -> 0 | O5: =+N5*$J$2 -> 0 | S5: =SUMIF($I$3:$Q$3,S$3,$I5:$Q5) -> 0 | T5: =SUMIF($I$3:$Q$3,T$3,$I5:$Q5) -> 0 | U5: =SUM(S5:T5) -> 0
A6: B.1. Traslados, Seguros de Traslado, Desaduanaje e IVA de Equipo | D6: =+C6*$D$2 -> 0 | G6: =+F6*$G$2 -> 0 | J6: =+I6*$J$2 -> 0 | O6: =+N6*$J$2 -> 0 | S6: =SUMIF($I$3:$Q$3,S$3,$I6:$Q6) -> 0 | T6: =SUMIF($I$3:$Q$3,T$3,$I6:$Q6) -> 0 | U6: =SUM(S6:T6) -> 0
A7: B.2. Adecuación Espacio para Equipo | D7: =+C7*$D$2 -> 0 | G7: =+F7*$G$2 -> 0 | J7: =+I7*$J$2 -> 0 | O7: =+N7*$J$2 -> 0 | S7: =SUMIF($I$3:$Q$3,S$3,$I7:$Q7) -> 0 | T7: =SUMIF($I$3:$Q$3,T$3,$I7:$Q7) -> 0 | U7: =SUM(S7:T7) -> 0
A8: B.3. Instalación y Puesta en Marcha de Equipo | D8: =+C8*$D$2 -> 0 | G8: =+F8*$G$2 -> 0 | J8: =+I8*$J$2 -> 0 | O8: =+N8*$J$2 -> 0 | S8: =SUMIF($I$3:$Q$3,S$3,$I8:$Q8) -> 0 | T8: =SUMIF($I$3:$Q$3,T$3,$I8:$Q8) -> 0 | U8: =SUM(S8:T8) -> 0
A9: B.4. Mantención, Garantías y Seguros de Equipo | D9: =+C9*$D$2 -> 0 | G9: =+F9*$G$2 -> 0 | J9: =+I9*$J$2 -> 0 | O9: =+N9*$J$2 -> 0 | S9: =SUMIF($I$3:$Q$3,S$3,$I9:$Q9) -> 0 | T9: =SUMIF($I$3:$Q$3,T$3,$I9:$Q9) -> 0 | U9: =SUM(S9:T9) -> 0
A10: C.1. Capacitaciones | D10: =+C10*$D$2 -> 0 | G10: =+F10*$G$2 -> 0 | J10: =+I10*$J$2 -> 0 | O10: =+N10*$J$2 -> 0 | S10: =SUMIF($I$3:$Q$3,S$3,$I10:$Q10) -> 0 | T10: =SUMIF($I$3:$Q$3,T$3,$I10:$Q10) -> 0 | U10: =SUM(S10:T10) -> 0
C11: =SUM(C4:C10) -> 0 | D11: =SUM(D4:D10) -> 0 | F11: =SUM(F4:F10) -> 0 | G11: =SUM(G4:G10) -> 0 | I11: =SUM(I4:I10) -> 0 | J11: =SUM(J4:J10) -> 0 | K11: =SUM(K4:K10) -> 0 | L11: =SUM(L4:L10) -> 0 | N11: =SUM(N4:N10) -> 0 | O11: =SUM(O4:O10) -> 0 | P11: =SUM(P4:P10) -> 0 | Q11: =SUM(Q4:Q10) -> 0 | S11: =SUM(S4:S10) -> 0 | T11: =SUM(T4:T10) -> 0 | U11: =SUM(U4:U10) -> 0
A14: A.1. Equipo Principal o Plataforma | C14: =SUMIF($A$4:$A$10,$A14,C$4:C$10) -> 0 | D14: =SUMIF($A$4:$A$10,$A14,D$4:D$10) -> 0 | F14: =SUMIF($A$4:$A$10,$A14,F$4:F$10) -> 0 | G14: =SUMIF($A$4:$A$10,$A14,G$4:G$10) -> 0 | I14: =SUMIF($A$4:$A$10,$A14,I$4:I$10) -> 0 | J14: =SUMIF($A$4:$A$10,$A14,J$4:J$10) -> 0 | K14: =SUMIF($A$4:$A$10,$A14,K$4:K$10) -> 0 | L14: =SUMIF($A$4:$A$10,$A14,L$4:L$10) -> 0 | N14: =SUMIF($A$4:$A$10,$A14,N$4:N$10) -> 0 | O14: =SUMIF($A$4:$A$10,$A14,O$4:O$10) -> 0 | P14: =SUMIF($A$4:$A$10,$A14,P$4:P$10) -> 0 | Q14: =SUMIF($A$4:$A$10,$A14,Q$4:Q$10) -> 0 | S14: =SUMIF($A$4:$A$10,$A14,S$4:S$10) -> 0 | T14: =SUMIF($A$4:$A$10,$A14,T$4:T$10) -> 0 | U14: =SUMIF($A$4:$A$10,$A14,U$4:U$10) -> 0
A15: A.2. Accesorio(s) | C15: =SUMIF($A$4:$A$10,$A15,C$4:C$10) -> 0 | D15: =SUMIF($A$4:$A$10,$A15,D$4:D$10) -> 0 | F15: =SUMIF($A$4:$A$10,$A15,F$4:F$10) -> 0 | G15: =SUMIF($A$4:$A$10,$A15,G$4:G$10) -> 0 | I15: =SUMIF($A$4:$A$10,$A15,I$4:I$10) -> 0 | J15: =SUMIF($A$4:$A$10,$A15,J$4:J$10) -> 0 | K15: =SUMIF($A$4:$A$10,$A15,K$4:K$10) -> 0 | L15: =SUMIF($A$4:$A$10,$A15,L$4:L$10) -> 0 | N15: =SUMIF($A$4:$A$10,$A15,N$4:N$10) -> 0 | O15: =SUMIF($A$4:$A$10,$A15,O$4:O$10) -> 0 | P15: =SUMIF($A$4:$A$10,$A15,P$4:P$10) -> 0 | Q15: =SUMIF($A$4:$A$10,$A15,Q$4:Q$10) -> 0 | S15: =SUMIF($A$4:$A$10,$A15,S$4:S$10) -> 0 | T15: =SUMIF($A$4:$A$10,$A15,T$4:T$10) -> 0 | U15: =SUMIF($A$4:$A$10,$A15,U$4:U$10) -> 0
A16: B.1. Traslados, Seguros de Traslado, Desaduanaje e IVA de Equipo | C16: =SUMIF($A$4:$A$10,$A16,C$4:C$10) -> 0 | D16: =SUMIF($A$4:$A$10,$A16,D$4:D$10) -> 0 | F16: =SUMIF($A$4:$A$10,$A16,F$4:F$10) -> 0 | G16: =SUMIF($A$4:$A$10,$A16,G$4:G$10) -> 0 | I16: =SUMIF($A$4:$A$10,$A16,I$4:I$10) -> 0 | J16: =SUMIF($A$4:$A$10,$A16,J$4:J$10) -> 0 | K16: =SUMIF($A$4:$A$10,$A16,K$4:K$10) -> 0 | L16: =SUMIF($A$4:$A$10,$A16,L$4:L$10) -> 0 | N16: =SUMIF($A$4:$A$10,$A16,N$4:N$10) -> 0 | O16: =SUMIF($A$4:$A$10,$A16,O$4:O$10) -> 0 | P16: =SUMIF($A$4:$A$10,$A16,P$4:P$10) -> 0 | Q16: =SUMIF($A$4:$A$10,$A16,Q$4:Q$10) -> 0 | S16: =SUMIF($A$4:$A$10,$A16,S$4:S$10) -> 0 | T16: =SUMIF($A$4:$A$10,$A16,T$4:T$10) -> 0 | U16: =SUMIF($A$4:$A$10,$A16,U$4:U$10) -> 0
A17: B.2. Adecuación Espacio para Equipo | C17: =SUMIF($A$4:$A$10,$A17,C$4:C$10) -> 0 | D17: =SUMIF($A$4:$A$10,$A17,D$4:D$10) -> 0 | F17: =SUMIF($A$4:$A$10,$A17,F$4:F$10) -> 0 | G17: =SUMIF($A$4:$A$10,$A17,G$4:G$10) -> 0 | I17: =SUMIF($A$4:$A$10,$A17,I$4:I$10) -> 0 | J17: =SUMIF($A$4:$A$10,$A17,J$4:J$10) -> 0 | K17: =SUMIF($A$4:$A$10,$A17,K$4:K$10) -> 0 | L17: =SUMIF($A$4:$A$10,$A17,L$4:L$10) -> 0 | N17: =SUMIF($A$4:$A$10,$A17,N$4:N$10) -> 0 | O17: =SUMIF($A$4:$A$10,$A17,O$4:O$10) -> 0 | P17: =SUMIF($A$4:$A$10,$A17,P$4:P$10) -> 0 | Q17: =SUMIF($A$4:$A$10,$A17,Q$4:Q$10) -> 0 | S17: =SUMIF($A$4:$A$10,$A17,S$4:S$10) -> 0 | T17: =SUMIF($A$4:$A$10,$A17,T$4:T$10) -> 0 | U17: =SUMIF($A$4:$A$10,$A17,U$4:U$10) -> 0
A18: B.3. Instalación y Puesta en Marcha de Equipo | C18: =SUMIF($A$4:$A$10,$A18,C$4:C$10) -> 0 | D18: =SUMIF($A$4:$A$10,$A18,D$4:D$10) -> 0 | F18: =SUMIF($A$4:$A$10,$A18,F$4:F$10) -> 0 | G18: =SUMIF($A$4:$A$10,$A18,G$4:G$10) -> 0 | I18: =SUMIF($A$4:$A$10,$A18,I$4:I$10) -> 0 | J18: =SUMIF($A$4:$A$10,$A18,J$4:J$10) -> 0 | K18: =SUMIF($A$4:$A$10,$A18,K$4:K$10) -> 0 | L18: =SUMIF($A$4:$A$10,$A18,L$4:L$10) -> 0 | N18: =SUMIF($A$4:$A$10,$A18,N$4:N$10) -> 0 | O18: =SUMIF($A$4:$A$10,$A18,O$4:O$10) -> 0 | P18: =SUMIF($A$4:$A$10,$A18,P$4:P$10) -> 0 | Q18: =SUMIF($A$4:$A$10,$A18,Q$4:Q$10) -> 0 | S18: =SUMIF($A$4:$A$10,$A18,S$4:S$10) -> 0 | T18: =SUMIF($A$4:$A$10,$A18,T$4:T$10) -> 0 | U18: =SUMIF($A$4:$A$10,$A18,U$4:U$10) -> 0
A19: B.4. Mantención, Garantías y Seguros de Equipo | C19: =SUMIF($A$4:$A$10,$A19,C$4:C$10) -> 0 | D19: =SUMIF($A$4:$A$10,$A19,D$4:D$10) -> 0 | F19: =SUMIF($A$4:$A$10,$A19,F$4:F$10) -> 0 | G19: =SUMIF($A$4:$A$10,$A19,G$4:G$10) -> 0 | I19: =SUMIF($A$4:$A$10,$A19,I$4:I$10) -> 0 | J19: =SUMIF($A$4:$A$10,$A19,J$4:J$10) -> 0 | K19: =SUMIF($A$4:$A$10,$A19,K$4:K$10) -> 0 | L19: =SUMIF($A$4:$A$10,$A19,L$4:L$10) -> 0 | N19: =SUMIF($A$4:$A$10,$A19,N$4:N$10) -> 0 | O19: =SUMIF($A$4:$A$10,$A19,O$4:O$10) -> 0 | P19: =SUMIF($A$4:$A$10,$A19,P$4:P$10) -> 0 | Q19: =SUMIF($A$4:$A$10,$A19,Q$4:Q$10) -> 0 | S19: =SUMIF($A$4:$A$10,$A19,S$4:S$10) -> 0 | T19: =SUMIF($A$4:$A$10,$A19,T$4:T$10) -> 0 | U19: =SUMIF($A$4:$A$10,$A19,U$4:U$10) -> 0
A20: C.1. Capacitaciones | C20: =SUMIF($A$4:$A$10,$A20,C$4:C$10) -> 0 | D20: =SUMIF($A$4:$A$10,$A20,D$4:D$10) -> 0 | F20: =SUMIF($A$4:$A$10,$A20,F$4:F$10) -> 0 | G20: =SUMIF($A$4:$A$10,$A20,G$4:G$10) -> 0 | I20: =SUMIF($A$4:$A$10,$A20,I$4:I$10) -> 0 | J20: =SUMIF($A$4:$A$10,$A20,J$4:J$10) -> 0 | K20: =SUMIF($A$4:$A$10,$A20,K$4:K$10) -> 0 | L20: =SUMIF($A$4:$A$10,$A20,L$4:L$10) -> 0 | N20: =SUMIF($A$4:$A$10,$A20,N$4:N$10) -> 0 | O20: =SUMIF($A$4:$A$10,$A20,O$4:O$10) -> 0 | P20: =SUMIF($A$4:$A$10,$A20,P$4:P$10) -> 0 | Q20: =SUMIF($A$4:$A$10,$A20,Q$4:Q$10) -> 0 | S20: =SUMIF($A$4:$A$10,$A20,S$4:S$10) -> 0 | T20: =SUMIF($A$4:$A$10,$A20,T$4:T$10) -> 0 | U20: =SUMIF($A$4:$A$10,$A20,U$4:U$10) -> 0
C21: =SUM(C14:C20) -> 0 | D21: =SUM(D14:D20) -> 0 | F21: =SUM(F14:F20) -> 0 | G21: =SUM(G14:G20) -> 0 | I21: =SUM(I14:I20) -> 0 | J21: =SUM(J14:J20) -> 0 | K21: =SUM(K14:K20) -> 0 | L21: =SUM(L14:L20) -> 0 | N21: =SUM(N14:N20) -> 0 | O21: =SUM(O14:O20) -> 0 | P21: =SUM(P14:P20) -> 0 | Q21: =SUM(Q14:Q20) -> 0 | S21: =SUM(S14:S20) -> 0 | T21: =SUM(T14:T20) -> 0 | U21: =SUM(U14:U20) -> 0
